[Event "USA-ch Online Qualifier 2021"]
[Site "Online"]
[Date "2020.12.13"]
[Round "2.3"]
[White "Tang, Andrew"]
[Black "Gareyev, Timur"]
[Result "1/2-1/2"]
[ECO "A50"]
[WhiteElo "2538"]
[BlackElo "2606"]
[Annotator "RC"]
[PlyCount "105"]
[EventDate "2020.12.11"]
[EventType "tourn"]
[EventCountry "NET"]
[SourceTitle "playchess.com"]
[Source "ChessBase"]
[SourceQuality "1"]
[TimeControl "5400+30"]

1. d4 Nf6 2. c4 c6 3. Nf3 b5 4. cxb5 cxb5 5. Bf4 Nh5 6. Bd2 Bb7 7. Qb3 a6 8. a4 e6 9. axb5 Bd5 10. Qd3 Nf6 11. Nc3 axb5 12. Rxa8 Bxa8 13. Qxb5 Bd6 14. e3 Bxf3 15. gxf3 O-O 16. Ne4 Nxe4 17. fxe4 Qh4 18. Bg2 Nc6 19. e5 Rb8 20. Qd3 Be7 21. Bc3 Nb4 22. Qe4 Na2 23. Qc2 d6 24. exd6 Bxd6 25. h3 g6 26. O-O Nb4 27. Qe2 Nd5 28. Ra1 h5 29. Bxd5 exd5 30. Qf3 Qg5+ 31. Kf1 Rb5 32. Ra7 Be7 33. Qg3 Qxg3 34. fxg3 Bd6 35. Kf2 Kf8 36. g4 hxg4 37. hxg4 Ke8 38. Kf3 Bb8 39. Ra5 Rxa5 40. Bxa5 Kd7 41. e4 f6 42. b4 Kc6 43. Bd8 Bd6 44. Bxf6 Bxb4 45. Kf4 Bd2+ 46. Ke5 dxe4 47. Kxe4 Kd6 48. d5 Bc1 49. Be5+ Kd7 50. Bd4 Bh6 51. Be3 Bf8 52. Bf4 Ba3 53. Be5 1/2-1/2

[Event "USA-ch Online Qualifier 2021"]
[Site "Online"]
[Date "2020.12.15"]
[Round "3.4"]
[White "Yoo, Christopher Woojin"]
[Black "Naroditsky, Daniel"]
[Result "1-0"]
[ECO "B23"]
[WhiteElo "2455"]
[BlackElo "2621"]
[Annotator "RC"]
[PlyCount "129"]
[EventDate "2020.12.11"]
[EventType "tourn"]
[EventCountry "NET"]
[SourceTitle "playchess.com"]
[Source "ChessBase"]
[SourceQuality "1"]
[TimeControl "5400+30"]

1. e4 c5 2. Nc3 e6 3. Nge2 Nc6 4. g3 d5 5. exd5 exd5 6. d4 Bg4 7. Bg2 Nxd4 8. h3 Bf3 9. Kf1 Nxe2 10. Bxf3 Nxc3 11. bxc3 Nf6 12. Rb1 Qd7 13. c4 Rd8 14. cxd5 Bd6 15. Qe2+ Kf8 16. Kg2 b6 17. Qc4 h5 18. a4 Qf5 19. a5 Nd7 20. Be4 Qf6 21. h4 Qd4 22. Qxd4 cxd4 23. axb6 axb6 24. Rd1 Bc5 25. Bf4 Re8 26. Re1 g6 27. d6 Ne5 28. Bxe5 Rxe5 29. d7 Kg7 30. Bc6 Re6 31. Rxe6 fxe6 32. Ra1 Kf6 33. Ra7 Ke5 34. f4+ Kf6 35. Kf3 e5 36. Rc7 Rd8 37. Rc8 Be7 38. fxe5+ Kxe5 39. Bb5 g5 40. hxg5 Bxg5 41. Ke2 h4 42. gxh4 Bxh4 43. Kd3 Be7 44. Rc7 Kd5 45. Ba4 Kd6 46. Rb7 Kc5 47. Ke4 Kb4 48. Bb3 Kc5 49. Ke5 Bd6+ 50. Ke6 b5 51. Bd5 Bg3 52. Be4 Bf4 53. Ra7 Kb6 54. Ra1 Kc7 55. Ra6 Be3 56. Rc6+ Kb8 57. Rb6+ Ka7 58. Rxb5 Bf2 59. Rh5 Bg3 60. Ke7 Bc7 61. Rc5 Kb6 62. Rc6+ Kb7 63. Bd5 d3 64. cxd3 Kb8 65. Ra6 1-0